 Dungeon Crawl Stone Soup version 0.30-a0-920-g7493c07aab (console) character file.

Game seed: 8938022831118695817

136955 petzl the Thaumaturge (level 17, -30/119 HPs)
             Began as a Formicid Delver on Mar 21, 2023.
             Was an Initiate of Vehumet.
             Annihilated by a white very ugly thing (44 damage)
             ... on level 4 of the Abyss on Mar 23, 2023.
             The game lasted 04:24:15 (41183 turns).

petzl the Thaumaturge (Formicid Delver)            Turns: 41183, Time: 04:24:15

Health: -30/119    AC: 10    Str: 18      XL:     17   Next: 82%
Magic:  46/50      EV: 12    Int: 33      God:    Vehumet [......]
Gold:   1425       SH: 13    Dex: 14 (15) Spells: 8/45 levels left

rFire   . . .      SeeInvis +    u - +1 arbalest "Paezyxo" {freeze, MP+9}
rCold   . . .      Faith    .    E - +3 buckler
rNeg    . . .      Spirit   .    w - +4 ring mail {Will+}
rPois   +          Reflect  +    (helmet unavailable)
rElec   .          Rampage  .    h - scarf {repulsion}
rCorr   .          Clarity  +    M - +0 pair of gloves "Igoosup" {Contam rPois Int+3 SInv}
Will    ++...                    z - +0 pair of boots
Stlth   ++++                     T - amulet of reflection
HPRegen 0.39/turn                f - +6 ring of intelligence
MPRegen 0.32/turn                W - ring "Xyzid" {Fly MP+9 Int+7}

@: flying, repel missiles
A: permanent stasis, dig shafts and tunnels, antennae 3, four strong arms,
clarity, deformed body, low MP 1, subdued magic 2, devolution 1, [frail 1]
a: Dig, Shaft Self, Renounce Religion


You were on level 4 of the Abyss.
You worshipped Vehumet.
Vehumet was noncommittal.
You visited 9 branches of the dungeon, and saw 30 of its levels.
You visited the Abyss 2 times.

You collected 3280 gold pieces.
You spent 1855 gold pieces at shops.

Inventory:

Hand Weapons
 a - a +8 sling of draining
 b - a +2 dagger of venom {!f =f}
 c - a +1 spectral quarterstaff
 d - a +2 flail of protection
 e - the +2 long sword of the Lame Duck {speed, rN+ Will+ Int+2}
   (You found it on level 10 of the Dungeon)

   Int:       It affects your intelligence (+2).
   rN:        It protects you from negative energy.
   Will:      It increases your willpower.
 s - the +8 long sword of Koatrun {freeze, *Corrode rPois Will+ Str+5}
   (You found it on level 3 of the Abyss)

   Str:       It affects your strength (+5).
   rPois:     It protects you from poison.
   *Corrode:  It may corrode you when you take damage.
   Will:      It increases your willpower.
 u - the +1 arbalest "Paezyxo" (weapon) {freeze, MP+9}
   (You found it on level 1 of the Lair of Beasts)

   MP:        It affects your magic capacity (+9).
 I - a +0 scimitar of electrocution
 Z - a +2 scimitar of flaming
Missiles
 j - 6 atropa-tipped darts
 C - 35 poisoned darts
 Q - 3 curare-tipped darts
Armour
 h - a scarf of repulsion (worn)
 n - the +7 leather armour "Onutur" {+Blink rElec Int+3 Stlth+}
   (You found it on level 6 of the Dungeon)

   Int:       It affects your intelligence (+3).
   rElec:     It insulates you from electricity.
   +Blink:    It lets you blink.
   Stlth:     It makes you more stealthy.
 w - a +4 ring mail of willpower (worn)
 z - a +0 pair of boots (worn)
 E - a +3 buckler (worn)
 M - the +0 pair of gloves "Igoosup" (worn) {Contam rPois Int+3 SInv}
   (You found it on level 13 of the Dungeon)

   Int:       It affects your intelligence (+3).
   rPois:     It protects you from poison.
   SInv:      It lets you see invisible.
   Contam:    It causes magical contamination when unequipped.
Jewellery
 f - a +6 ring of intelligence (left hand)
 i - a ring of poison resistance
 H - a ring of protection from fire
 T - an amulet of reflection (around neck)
 W - the ring "Xyzid" (right hand) {Fly MP+9 Int+7}
   (You found it on level 13 of the Dungeon)

   [ring of flight]

   Int:       It affects your intelligence (+7).
   MP:        It affects your magic capacity (+9).
   Fly:       It grants you flight.
Wands
 m - a wand of paralysis (6)
 t - a wand of mindburst (2)
 J - a wand of flame (57)
 L - a wand of acid (2)
 P - a wand of iceblast (9)
 R - a wand of digging (8)
Scrolls
 g - a scroll of amnesia
 k - 6 scrolls of fog
 o - a scroll of torment
 r - 2 scrolls of poison
 A - 6 scrolls of identify
 K - 4 scrolls of fear
 Y - 2 scrolls of magic mapping
Potions
 l - 5 potions of curing
 q - 3 potions of lignification
 v - 2 potions of might
 F - 2 potions of heal wounds
 G - a potion of brilliance
 N - a potion of flight
 U - 2 potions of invisibility
Miscellaneous
 p - a box of beasts


   Skills:
 + Level 11.6 Fighting
 - Level 3.0 Maces & Flails
 - Level 4.0 Ranged Weapons
 - Level 5.0 Armour
 - Level 4.0 Dodging
 - Level 9.5 Stealth
 - Level 4.0 Shields
 * Level 14.7 Spellcasting
 + Level 13.9 Conjurations
 + Level 6.4 Necromancy
 * Level 11.3 Translocations
 - Level 1.8 Transmutations
 - Level 5.7 Fire Magic
 - Level 6.7 Ice Magic
 - Level 4.0 Air Magic
 - Level 2.0 Earth Magic
 - Level 4.0 Poison Magic
 - Level 3.0 Evocations


You had 8 spell levels left.
You knew the following spells:

 Your Spells              Type           Power      Damage    Failure   Level
b - Fireball              Conj/Fire      27%        3d12      1%          5
c - Iskenderun's Mystic   Conj/Tloc      61%        2d13      1%          4
l - Freezing Cloud        Conj/Ice/Air   24%        6-21      1%          5
m - Mephitic Cloud        Conj/Pois/Air  45%        N/A       1%          3
o - Orb of Destruction    Conj           32%        9d10      6%          7
u - Sublimation of Blood  Necr           41%        N/A       1%          2
I - Ignite Poison         Fire/Tmut/Pois 31%        N/A       1%          3
P - Passage of Golubria   Tloc           58%        N/A       1%          4
T - Olgreb's Toxic Radia  Pois           31%        N/A       4%          4

Your spell library contained the following spells:

 Spells                   Type           Power      Damage    Failure   Level
 Magic Dart               Conj           100%       1d8       0%          1
 Lesser Beckoning         Tloc           100%       N/A       0%          2
 Momentum Strike          Conj/Tloc      100%       3d10      0%          2
 Searing Ray              Conj           100%       2d8       0%          2
 Sandblast                Erth           46%        2d11      1%          1
 Slow                     Hex            60%        N/A       1%          1
 Sting                    Tmut/Pois      100%       1d8       1%          1
 Summon Small Mammal      Summ           60%        N/A       1%          1
 Passwall                 Tmut/Erth      19%        N/A       1%          2
 Poisonous Vapours        Pois/Air       62%        N/A       1%          2
 Scorch                   Fire           76%        2d9       1%          2
 Dazzling Flash           Conj/Hex       86%        N/A       1%          3
 Gell's Gravitas          Tloc           58%        N/A       1%          3
 Inner Flame              Hex/Fire       27%        N/A       1%          3
 Kindle Blastsparks       Fire/Tloc/Air  88%        2d17      1%          3
 Ozocubu's Armour         Ice            42%        N/A       1%          3
 Stone Arrow              Conj/Erth      96%        3d13      1%          3
 Teleport Other           Tloc           58%        N/A       1%          3
 Vampiric Draining        Necr           41%        2d8       1%          3
 Animate Dead             Necr           41%        N/A       1%          4
 Flame Wave               Conj/Fire      54%        2d13      1%          4
 Fulminant Prism          Conj/Hex       21%        3d12      1%          4
 Sticky Flame             Conj/Fire      54%        2d7       1%          4
 Iskenderun's Battlesphe  Conj           64%        2d11      1%          5
 Irradiate                Conj/Tmut      23%        3d19      2%          5
 Dispersal                Tloc           29%        N/A       3%          6
 Summon Forest            Summ/Tloc      19%        N/A       6%          5
 Starburst                Conj/Fire      27%        6d9       6%          6
 Call Canine Familiar     Summ           15%        N/A       7%          3
 Confusing Touch          Hex            15%        N/A       7%          3
 Summon Guardian Golem    Hex/Summ       15%        N/A       7%          3
 Tukima's Dance           Hex            15%        N/A       7%          3
 Conjure Ball Lightning   Conj/Air       25%        3x3d7     10%         6
 Petrify                  Tmut/Erth      23%        N/A       11%         4
 Iron Shot                Conj/Erth      24%        9d5       16%         6
 Animate Armour           Summ/Erth      38%        N/A       17%         4
 Leda's Liquefaction      Hex/Erth       9%         N/A       17%         4
 Lee's Rapid Deconstruct  Erth           11%        3d8*      32%         5
 Blade Hands              Tmut           11%        N/A       34%         5
 Yara's Violent Unravell  Hex/Tmut       9%         3d6       47%         5
 Eringya's Noxious Bog    Tmut/Pois      13%        N/A       80%         6
 Spellforged Servitor     Conj/Summ      21%        N/A       82%         7
 Ozocubu's Refrigeration  Ice            21%        4d12      85%         7
 Statue Form              Tmut/Erth      15%        N/A       90%         6
 Summon Cactus Giant      Summ           7%         N/A       99%         6
 Haunt                    Necr/Summ      14%        N/A       100%        7
 Summon Hydra             Summ           7%         N/A       100%        7
 Infestation              Necr           20%        N/A       100%        8
 Blink                    Tloc           Unusable   N/A       N/A         2

Dungeon Overview and Level Annotations

Branches:
Dungeon (15/15)            Temple (1/1) D:4            Lair (5/5) D:10
 Shoals (2/4) Lair:3       Spider (1/4) Lair:3        Slime (1/5) Lair:5
    Orc (2/2) D:11            Elf (2/3) Orc:2        Vaults (0/5) D:14
 Depths (1/4) D:15

Altars:
Ashenzari
Dithmenos
Gozag
Makhleb
Okawaru
Trog
Uskayaw
Vehumet
Yredelemnul
Zin
Jiyva

Shops:
D:2 *   D:10 :   Orc:2 :?([

Annotations:
Lair:1 exclusion: downstairs
Lair:3 exclusion: downstairs
Lair:5 exclusion: downstairs
Spider:1 Mlioglotl


Innate Abilities, Weirdness & Mutations

You cannot be hasted, slowed, berserked, paralysed or teleported.
You can dig through walls and to a lower floor.
You have a pair of large antennae on your head. (SInv)
Your four strong arms can wield two-handed weapons with a shield.
You possess an exceptional clarity of mind.
Armour fits poorly on your strangely shaped body.
Your magical capacity is low. (-10% MP)
Your spells are easier to cast, but less powerful.
You have hidden genetic defects.
[You are frail. (-10% HP)]


Message History

A white very ugly thing comes into view.
A wretched star comes into view.
You extend your mandibles.
Unknown command.
Unknown command.
Unknown command.
You retract your mandibles.
A lich comes into view.
The lich shouts!
Casting: Orb of Destruction (dangerous; 6% risk of failure)
Confirm with . or Enter, or press ? or * to list all spells.
Aiming: Passage of Golubria (safe; 1% risk of failure)
Press: ? - help, Dir - move target The lich gestures wildly while chanting.
The lich seems to speed up.
You enter the passage of Golubria.
There is a passage of Golubria here.
The lich shouts!
The lich launches a ball of destructive magic.
An orb of destruction comes into view.
The lich casts a spell.
The lich flickers and vanishes for a moment.
An orange demon comes into view.
The lich casts a spell at you. The bolt of cold hits you!!!
A white very ugly thing comes into view.
A smoke demon comes into view.
The lich casts a spell at you. The bolt of cold hits you!!
* * * LOW HITPOINT WARNING * * *
The smoke demon roars!
Casting: Passage of Golubria (safe; 1% risk of failure)
Confirm with . or Enter, or press ? or * to list all spells.
Aiming: Passage of Golubria (safe; 1% risk of failure)
Press: ? - help, Dir - move target You hear a shout!
Found a corrupted altar of Lugonu.
The white very ugly thing claws you!
* * * LOW HITPOINT WARNING * * *
The white very ugly thing freezes you!!!
You die...

# ####.. # #.#..
.#.#..### #
#..3#...##.# ##
#.^# ..#.#.#
#..#@###.## .#
#....uL.#....#
#....#.#........#
#..#...####.#...#
## #..# ##....#
.^.. # .#..#
.###. ....# # .
._ ##..#..# #
#.##.#.# #. ....
.. # #. #. ##..
##


You could see a white very ugly thing, a lich (fast, invisible) and a smoke
demon.

Vanquished Creatures
  Jorgrun (Shoals:1)
  Rupert (Lair:5)
  An acid blob (Slime:1)
  A tentacled starspawn (Abyss:3)
  Kirke (D:14)
  A deep elf sorcerer (Elf:1)
  A frost giant (D:15)
  A deep elf elementalist (Elf:1)
  The ghost of Yguig the Convoker, a journeyman BaGl of Cheibriados (D:13)
  A deep elf demonologist (Elf:2)
  2 deep elf death magi (Elf:1)
  An ettin (D:13)
  A merfolk impaler (Shoals:1)
  Fannar (Orc:1)
  The ghost of Qylualu the Basher, a journeyman MiBe of Trog (Lair:1)
  10 hydras
  4 vault guards (D:14)
  Erolcha (D:10)
  4 ogre magi (Orc:2)
  5 centaur warriors
  4 dancing weapons
  19 two-headed ogres
  3 boulder beetles
  3 tengu warriors
  2 naga warriors (D:13)
  4 hell hogs (Abyss:3)
  3 deep elf knights
  3 skysharks
  Amaemon (D:9)
  A pharaoh ant (Lair:3)
  A flayed ghost (D:13)
  3 sea snakes
  2 glowing orange brains
  4 harpies (Shoals:1)
  6 deep elf archers
  A lindwurm (Lair:5)
  A necromancer (Lair:3)
  A phantasmal warrior (D:13)
  13 deep elf pyromancers
  A large abomination (Abyss:3)
  3 orc knights
  2 orc sorcerers
  7 deep elf zephyrmancers (Elf:1)
  A shining eye (Slime:1)
  2 oklob plants
  11 ugly things
  3 manticores
  A water nymph (Shoals:2)
  6 cyclopes
  A salamander (shapeshifter) (Elf:1)
  2 merfolk sirens
  A moth of wrath (shapeshifter) (D:13)
  Joseph (D:7)
  A rust devil (Abyss:3)
  An eye of devastation (Slime:1)
  A black mamba (Lair:3)
  7 cane toads
  An eye of devastation (shapeshifter) (D:14)
  An orange demon (D:9)
  2 unseen horrors
  Maggie (D:7)
  A gargoyle (D:12)
  A komodo dragon (shapeshifter) (D:13)
  A rime drake (shapeshifter) (D:13)
  2 freezing wraiths
  11 komodo dragons
  4 efreet
  The ghost of timneilson the Shield-Bearer, a novice GrFi (D:5)
  3 rime drakes
  2 tengu conjurers (D:13)
  7 trolls
  A hornet (shapeshifter) (Elf:2)
  10 polar bears
  4 merfolk
  2 tarantellas (Lair:3)
  6 meliai
  7 hornets
  A tarantella (shapeshifter) (D:14)
  7 dream sheep
  A jumping spider (Lair:3)
  A raiju (Abyss:3)
  12 blink frogs
  2 water elementals
  14 slime creatures
  13 spriggans (Lair:5)
  A shadow (D:14)
  46 yaks
  A vampire (D:13)
  4 wyverns
  4 wraiths
  3 fire elementals
  A human (D:14)
  A chaos spawn (Abyss:3)
  12 vampire mosquitoes
  7 basilisks
  A redback (Lair:3)
  Menkaure (D:7)
  2 wargs
  Duvessa (D:6)
  2 acid dragons
  15 water moccasins
  7 black bears
  3 ice beasts (D:7)
  12 orc warriors
  23 ogres
  31 wolves
  6 boggarts
  4 centaurs
  4 kobold brigands
  2 phantoms (D:6)
  12 bullfrogs
  A gnoll sergeant (D:10)
  2 earth elementals
  3 scorpions
  4 wights
  A wyvern skeleton (D:5)
  Dowan (D:6)
  19 killer bees
  7 howler monkeys
  3 electric eels (Lair:3)
  A centaur zombie (D:5)
  2 bullfrog zombies (D:5)
  11 orc priests
  A sleepcap (D:4)
  2 gnoll boudas
  5 hounds
  6 jellies
  4 iguanas (D:5)
  13 orc wizards
  7 hell rats (Lair:1)
  4 polar bear simulacra (Lair:3)
  5 wolf simulacra (Lair:3)
  A yak simulacrum (Lair:3)
  16 gnolls
  5 adders
  4 shadow imps
  14 white imps
  An ufetubus (D:5)
  3 worms
  6 dart slugs
  52 orcs
  5 endoplasms
  2 giant cockroaches
  7 goblins
  4 hobgoblins
  2 jackals (D:1)
  6 quokkas
  3 ball pythons
  2 bats (D:1)
  6 frilled lizards
  29 kobolds
  7 rats
  A river rat simulacrum (Lair:3)
770 creatures vanquished.

Vanquished Creatures (collateral kills)
  A deep elf death mage (Elf:1)
1 creature vanquished.

Vanquished Creatures (others)
  59 fungi
  85 plants
  2 starspawn tentacles (Abyss:3)
146 creatures vanquished.

Grand Total: 917 creatures vanquished

Notes
Turn   | Place    | Note
-------+----------+-------------------------------------------
     0 | D:5      | petzl the Formicid Delver began the quest for the Orb.
     0 | D:5      | Reached XP level 1. HP: 18/18 MP: 1/1
     3 | D:5      | Noticed timneilson's ghost (novice GrFi)
    28 | D:5      | Noticed an iguana
    31 | D:5      | Reached XP level 2. HP: 24/24 MP: 2/2
    56 | D:5      | Reached XP level 3. HP: 24/30 MP: 3/3
    87 | D:5      | Reached XP level 4. HP: 14/37 MP: 4/4
   179 | D:5      | Noticed a scorpion
   190 | D:4      | Noticed an ogre
   190 | D:4      | Noticed a scorpion
   210 | D:4      | Killed a scorpion
   211 | D:4      | Reached XP level 5. HP: 36/42 MP: 5/5
   222 | D:3      | Reached skill level 1 in Spellcasting
   371 | D:5      | Noticed a water moccasin
   373 | D:5      | Killed a water moccasin
   374 | D:5      | Reached skill level 3 in Spellcasting
   374 | D:5      | Reached XP level 6. HP: 45/48 MP: 7/11
   558 | D:2      | Found Ytuets's General Store.
  1274 | D:1      | Reached skill level 4 in Spellcasting
  2104 | D:2      | Reached XP level 7. HP: 46/54 MP: 13/13
  2292 | D:2      | Learned a level 7 spell: Orb of Destruction
  2320 | D:2      | Bought a potion of heal wounds for 55 gold pieces
  3139 | D:3      | Reached skill level 1 in Ranged Weapons
  3320 | D:4      | Reached skill level 1 in Conjurations
  3417 | D:4      | Reached skill level 5 in Spellcasting
  3537 | D:4      | You fall into a shaft and drop 2 floors!
  3749 | D:6      | Identified a scroll of acquirement
  3752 | D:6      | Acquired 912 gold pieces
  3794 | D:6      | Noticed Duvessa
  3901 | D:5      | HP: 1/54 [iguana (10)]
  4018 | D:5      | Reached XP level 8. HP: 60/60 MP: 14/16
  4042 | D:6      | Identified the +7 leather armour "Onutur" {+Blink rElec
                  | Int+3 Stlth+}
  4282 | D:5      | Reached skill level 1 in Armour
  4339 | D:5      | Found a basalt altar of Yredelemnul.
  4393 | D:5      | Found an opulent altar of Gozag.
  5102 | D:6      | Reached skill level 6 in Spellcasting
  5250 | D:6      | Reached XP level 9. HP: 65/65 MP: 18/18
  5300 | D:6      | Noticed Dowan
  5590 | D:6      | Found a broken altar of Ashenzari.
  5988 | D:8      | Reached skill level 7 in Spellcasting
  6019 | D:7      | Noticed Menkaure
  6186 | D:7      | Reached skill level 5 in Conjurations
  6197 | D:7      | Noticed Joseph
  6512 | D:8      | Reached skill level 1 in Evocations
  6528 | D:8      | Identified the +0 robe of Cloud Cover {Dex+2}
  7300 | D:9      | Noticed a two-headed ogre
  7371 | D:9      | Reached XP level 10. HP: 59/73 MP: 21/21
  7392 | D:9      | Killed a two-headed ogre
  7393 | D:9      | Reached skill level 5 in Fighting
  7587 | D:7      | Killed Menkaure
  7772 | D:7      | Noticed Maggie
  7783 | D:7      | Killed Maggie
  7784 | D:7      | Reached skill level 8 in Spellcasting
  8111 | D:6      | Killed Dowan
  8124 | D:6      | Killed Duvessa
  8426 | D:4      | Found a staircase to the Ecumenical Temple.
  8431 | Temple   | Entered the Ecumenical Temple
  8453 | Temple   | Became a worshipper of Vehumet
  8706 | D:5      | You fall into a shaft and drop 2 floors!
  8963 | D:7      | Identified the +0 ring mail of Haweezxe {rF- Str+2 Int+3}
  9334 | D:5      | You fall into a shaft and drop 2 floors!
  9567 | D:5      | You fall into a shaft and drop 2 floors!
  9648 | D:5      | Killed timneilson's ghost
 10038 | D:7      | Killed Joseph
 10039 | D:7      | Reached skill level 5 in Armour
 10039 | D:7      | Reached XP level 11. HP: 59/84 MP: 23/23
 10279 | D:9      | You fall into a shaft and drop 2 floors!
 10403 | D:11     | Noticed a cyclops
 10420 | D:10     | Entered Level 10 of the Dungeon
 10433 | D:9      | Reached skill level 1 in Poison Magic
 10740 | D:9      | Noticed Amaemon
 11072 | D:9      | Noticed a two-headed ogre
 11087 | D:9      | Killed a two-headed ogre
 11383 | D:9      | You fall into a shaft and drop 3 floors!
 11579 | D:12     | Noticed a two-headed ogre
 11580 | D:12     | Noticed a boulder beetle
 12025 | D:10     | Found a staircase to the Lair.
 12025 | D:10     | Noticed Erolcha
 12064 | D:10     | Found Ujitoteme's Book Shop.
 12066 | D:10     | Bought Great Wizards, Vol. VII for 300 gold pieces
 12066 | D:10     | Bought a book of Alchemy for 280 gold pieces
 12066 | D:10     | Bought a book of the Spheres for 540 gold pieces
 12069 | D:10     | Learned a level 2 spell: Sublimation of Blood
 12075 | D:10     | Learned a level 5 spell: Fireball
 12080 | D:10     | Learned a level 4 spell: Passage of Golubria
 12087 | D:10     | Learned a level 6 spell: Conjure Ball Lightning
 12145 | D:10     | Reached * piety under Vehumet
 12145 | D:10     | Offered knowledge of Shock by Vehumet.
 12150 | D:10     | Reached skill level 1 in Fire Magic
 12371 | D:10     | Identified the +2 long sword of the Lame Duck {speed, rN+
                  | Will+ Int+2}
 12374 | D:10     | Found a burning altar of Makhleb.
 12377 | D:10     | Found a glowing silver altar of Zin.
 12377 | D:10     | Noticed an angel
 12377 | D:10     | Noticed a cacodemon
 12506 | D:10     | Reached skill level 1 in Translocations
 12715 | D:10     | You fall into a shaft and drop 2 floors!
 12721 | D:12     | Noticed a cyclops
 12723 | D:12     | Noticed a cyclops
 12943 | D:14     | Noticed Kirke
 13203 | D:13     | Identified the +0 pair of gloves "Igoosup" {Contam rPois
                  | Int+3 SInv}
 13237 | D:13     | Noticed a centaur warrior
 13343 | D:13     | Learned a level 5 spell: Freezing Cloud
 13467 | D:11     | Learned a level 3 spell: Stone Arrow
 13510 | D:11     | Reached skill level 9 in Spellcasting
 13510 | D:11     | Reached skill level 1 in Necromancy
 13608 | D:11     | You fall into a shaft and drop 2 floors!
 13789 | D:14     | Noticed a boulder beetle
 13827 | D:13     | Found a runed translucent gate.
 13827 | D:13     | Found a runed translucent gate.
 13827 | D:13     | Found a runed translucent gate.
 13828 | D:13     | Noticed a naga warrior
 13842 | D:12     | You fall into a shaft and drop 1 floor!
 14233 | D:12     | Noticed a deep elf pyromancer
 14251 | D:11     | Killed a two-headed ogre
 14252 | D:11     | Reached skill level 1 in Ice Magic
 14252 | D:11     | Reached skill level 1 in Earth Magic
 14252 | D:11     | Reached XP level 12. HP: 71/94 MP: 25/25
 14294 | D:11     | You fall into a shaft and drop 2 floors!
 14587 | D:9      | Learned a level 3 spell: Ignite Poison
 14979 | D:10     | Reached skill level 1 in Air Magic
 15106 | D:10     | Reached ** piety under Vehumet
 15339 | D:10     | Offered knowledge of Freeze by Vehumet.
 15473 | D:10     | Reached skill level 1 in Transmutations
 15760 | Lair:1   | Entered Level 1 of the Lair of Beasts
 16154 | D:11     | Found a staircase to the Orcish Mines.
 16279 | D:10     | Offered knowledge of Mephitic Cloud by Vehumet.
 16286 | D:10     | Learned a level 3 spell: Mephitic Cloud
 16449 | D:11     | Learned a level 4 spell: Iskenderun's Mystic Blast
 16776 | Lair:2   | Found a frozen archway.
 16928 | D:10     | Identified the +9 dagger of Beyond {antimagic, *Rage rPois
                  | Dex+3}
 17522 | D:11     | Reached skill level 1 in Shields
 17616 | Orc:1    | Entered Level 1 of the Orcish Mines
 17979 | Orc:1    | Reached *** piety under Vehumet
 18559 | Orc:2    | Entered Level 2 of the Orcish Mines
 18752 | Orc:1    | Offered knowledge of Frozen Ramparts by Vehumet.
 19022 | Orc:2    | Noticed a two-headed ogre
 19042 | Orc:2    | Killed a two-headed ogre
 19043 | Orc:2    | Reached XP level 13. HP: 80/99 MP: 26/26
 19694 | Orc:2    | Noticed an ogre mage
 19698 | Orc:2    | Killed an ogre mage
 19713 | Orc:2    | Noticed an ogre mage
 19722 | Orc:2    | Reached skill level 5 in Ice Magic
 19722 | Orc:2    | Killed an ogre mage
 19848 | Orc:2    | Reached skill level 5 in Fire Magic
 19881 | Orc:2    | Noticed an ogre mage
 19891 | Orc:2    | Killed an ogre mage
 19891 | Orc:2    | Reached **** piety under Vehumet
 20019 | Orc:2    | Reached skill level 10 in Spellcasting
 20114 | Orc:2    | Offered knowledge of Plasma Beam by Vehumet.
 20192 | Orc:2    | Reached skill level 5 in Translocations
 20465 | Orc:2    | Noticed an ogre mage
 20469 | Orc:2    | Killed an ogre mage
 20470 | Orc:2    | Reached XP level 14. HP: 106/106 MP: 28/28
 20563 | Orc:2    | Found a staircase to the Elven Halls.
 20616 | Orc:2    | Found Iskyedy's Magic Scroll Boutique.
 20616 | Orc:2    | Found Ysoa's Book Shoppe.
 20617 | Orc:2    | Found Qufeol's Antique Armour Emporium.
 20617 | Orc:2    | Found Xovishri's Weapon Boutique.
 20630 | Orc:2    | Bought a Young Poisoner's Handbook for 260 gold pieces
 20635 | Orc:2    | Learned a level 4 spell: Olgreb's Toxic Radiance
 20705 | Orc:2    | Bought a scroll of identify for 34 gold pieces
 20705 | Orc:2    | Bought a scroll of enchant armour for 127 gold pieces
 20705 | Orc:2    | Bought a scroll of identify for 34 gold pieces
 20720 | Orc:2    | Bought an encrusted scale mail for 225 gold pieces
 20720 | Orc:2    | Identified the +2 scale mail "Lomutu" {rN+ rCorr} (You
                  | bought it in a shop on level 2 of the Orcish Mines)
 20740 | Orc:1    | Noticed Fannar
 21030 | Orc:1    | Killed Fannar
 21177 | D:10     | Killed Erolcha
 21281 | Lair:1   | Found a runed translucent gate.
 21628 | Lair:1   | Noticed Qylualu's ghost (journeyman MiBe)
 21629 | Lair:1   | Found a runed translucent gate.
 21629 | Lair:1   | Found a runed translucent gate.
 21914 | Lair:1   | Found a viscous altar of Jiyva.
 22462 | Lair:2   | Reached skill level 10 in Conjurations
 22759 | Lair:2   | Reached ***** piety under Vehumet
 23333 | Lair:3   | Offered knowledge of Iron Shot by Vehumet.
 23440 | Lair:3   | Reached skill level 11 in Spellcasting
 24001 | Lair:3   | Found a hole to the Spider Nest.
 24155 | Lair:3   | Found a staircase to the Shoals.
 24945 | Lair:5   | Entered Level 5 of the Lair of Beasts
 26081 | Lair:5   | Noticed Rupert
 26153 | Lair:5   | Reached XP level 15. HP: 100/112 MP: 26/30
 26540 | Lair:5   | Found a staircase to the Slime Pits.
 26633 | Lair:5   | Learned a level 7 spell: Orb of Destruction
 27158 | Lair:5   | Reached skill level 12 in Spellcasting
 27493 | Lair:5   | Offered knowledge of Eringya's Noxious Bog by Vehumet.
 27665 | Lair:5   | Killed Rupert
 28395 | Slime:1  | Entered Level 1 of the Pits of Slime
 28400 | Slime:1  | Gained mutation: Your spells are a little easier to cast,
                  | but a little less powerful. [a shining eye]
 28407 | Slime:1  | Noticed an acid blob
 28410 | Slime:1  | Noticed a quicksilver ooze
 28412 | Slime:1  | Killed an acid blob
 28890 | D:9      | Killed Amaemon
 29218 | D:12     | Identified the +6 dagger of the Big Fish {speed, rPois
                  | Dex+3}
 29558 | D:12     | Found a broken altar of Ashenzari.
 29736 | D:13     | Noticed Yguig's ghost (journeyman BaGl)
 29767 | D:13     | Found an iron altar of Okawaru.
 29780 | D:13     | Reached XP level 16. HP: 73/122 MP: 32/32
 29984 | D:13     | Reached skill level 10 in Fighting
 30630 | D:13     | Found a runed translucent door.
 30888 | D:15     | Entered Level 15 of the Dungeon
 31620 | D:14     | Reached skill level 13 in Spellcasting
 31682 | D:14     | Found a gate to the Vaults.
 32046 | D:14     | Killed Kirke
 32876 | D:15     | Noticed a frost giant
 32882 | D:15     | Killed a frost giant
 32988 | D:15     | Found a staircase to the Depths.
 32993 | Depths:1 | Entered Level 1 of the Depths
 33973 | D:13     | Identified the ring "Xyzid" {Fly MP+9 Int+7}
 34050 | D:13     | Reached skill level 10 in Translocations
 34067 | D:13     | Killed Yguig's ghost
 34068 | D:13     | Reached skill level 5 in Necromancy
 34324 | Lair:1   | Killed Qylualu's ghost
 34586 | Lair:1   | Identified the +1 arbalest "Paezyxo" {freeze, MP+9}
 34901 | Spider:1 | Entered Level 1 of the Spider Nest
 34901 | Spider:1 | Noticed Mlioglotl
 35030 | Elf:1    | Entered Level 1 of the Elven Halls
 35050 | Elf:1    | Reached XP level 17. HP: 110/124 MP: 30/34
 35509 | Elf:1    | Reached ****** piety under Vehumet
 35529 | Elf:1    | Offered knowledge of Arcjolt by Vehumet.
 35701 | Elf:1    | Reached skill level 14 in Spellcasting
 37036 | Abyss:3  | Cast into level 3 of the Abyss (a deep elf demonologist)
 37085 | Abyss:3  | Identified the +8 long sword of Koatrun {freeze, *Corrode
                  | rPois Will+ Str+5}
 37101 | Abyss:3  | Gained mutation: Armour fits poorly on your strangely
                  | shaped body. [mutagenic glow]
 37111 | Abyss:3  | Noticed a tentacled starspawn
 37121 | Abyss:3  | Gained mutation: You possess an exceptional clarity of
                  | mind. [mutagenic glow]
 37128 | Abyss:3  | Killed a tentacled starspawn
 37139 | Abyss:3  | Gained mutation: You have hidden genetic defects.
                  | [mutagenic glow]
 37154 | Abyss:3  | Gained mutation: Your magical capacity is low. (-10% MP)
                  | [mutagenic glow]
 37214 | Abyss:3  | Found a corrupted altar of Lugonu.
 37263 | Abyss:3  | Fell from the grace of Vehumet
 37263 | Abyss:3  | Became a worshipper of Lugonu the Unformed
 37263 | Abyss:3  | Reached * piety under Lugonu
 37263 | Abyss:3  | Reached ** piety under Lugonu
 37264 | Elf:2    | Escaped the Abyss
 40011 | Temple   | Fell from the grace of Lugonu
 40011 | Temple   | Became a worshipper of Vehumet
 40250 | Shoals:1 | Entered Level 1 of the Shoals
 40254 | Shoals:1 | Noticed Jorgrun
 40260 | Shoals:1 | Killed Jorgrun
 40795 | Shoals:2 | Identified the +9 glaive "Buhis" {heavy, *Corrode rN+
                  | Dex+2}
 40845 | Shoals:2 | Noticed a tentacled starspawn
 40911 | Shoals:2 | Noticed a tentacled starspawn
 41057 | Shoals:1 | Gained mutation: Your spells are easier to cast, but less
                  | powerful. [hidden defects]
 41107 | Abyss:4  | Cast into level 4 of the Abyss (Lugonu's touch)
 41129 | Abyss:4  | Noticed a lich
 41158 | Abyss:4  | Noticed a lich
 41183 | Abyss:4  | Found a corrupted altar of Lugonu.
 41183 | Abyss:4  | Annihilated by a white very ugly thing

Illustrated notes

Levels and vault maps discovered:
D:1:      dpeg_arrival_fog, layout_loops_corners
D:2:      layout_loops_ring, serial_shops, shop, hangedman_decor_lopped
D:3:      layout_basic
D:4:      layout_cave_pools, temple_doors_e
D:5:      layout_rooms, minitemple, gammafunk_ghost_necromancy,
          patterned_corridor
D:6:      layout_cave_pods, mainiacjoe_overflow_alcove_4, uniq_duvessa
D:7:      layout_basic, uniq_joseph, uniq_maggie, uniq_menkaure
D:8:      layout_rooms
D:9:      layout_stronghold, minmay_fractal_squares_diagonal_5, uniq_amaemon
D:10:     layout_rooms, grunt_temple_overflow_order_and_chaos_2,
          david_lair_generic, serial_shops, shop, uniq_erolcha
D:11:     layout_big_octagon
D:12:     layout_long_grid, ashenzari_altar_1
D:13:     layout_roguey, gammafunk_ghost_fury_of_okawaru, minivault_13
D:14:     layout_loops_ring, lightli_vaults_fourway_checkpoint, drop_trap,
          minmay_orc_keep, uniq_kirke
D:15:     grunt_enter_depths_snipers, layout_basic, minmay_misc_feat_encased
Temple:   bh_familiar_temple
Lair:1:   layout_regular_city, gammafunk_ghost_ooze
Lair:2:   layout_chaotic_city, portal_ice_cave_entry_imps, serial_rivers,
          chequers_serial_rivers_large_b, chequers_serial_rivers_micro_c,
          chequers_serial_rivers_room_a, chequers_serial_rivers_small_a,
          chequers_serial_rivers_small_3, dreamdust_wasp_nest
Lair:3:   layout_cave_pods, elwin_shoals_entry_rooms,
          nicolae_spider_entry_lesser_pyramids, serial_bayou_ford_a,
          eino_house_with_fridge
Lair:4:   layout_long_grid, forest_entry_grove, infiniplex_staircase_pool,
          lemuel_fruit_fields
Lair:5:   minmay_lair_end_enchanted_forest, layout_regular_city, slime_entry_1,
          serial_bayou_crossing, uniq_rupert
Shoals:1: layout_shoals, uniq_jorgrun
Shoals:2: layout_shoals, ebering_ghost_rock_garden,
          nicolae_shoals_cliffside_cave
Spider:1: layout_spider_delve, uniq_mlioglotl, uniq_donald
Slime:1:  layout_caves
Orc:1:    layout_diamond_mine, mines3_lemuel, uniq_fannar
Orc:2:    st_orc_ogre_mass, layout_caves
Elf:1:    eino_elf_arrival_shootout, layout_geoelf_diagonals,
          minmay_elf_crystal_heptagon, nicolae_shop_dragon_depot
Elf:2:    elven_hall_of_blades_hangedman_original [mumra_blade_entry_dagger],
          layout_loops_ring, basic_altar,
          nicolae_elf_double_double_double_trouble
Depths:1: hangedman_hanging_gardens, layout_gridlike, abyss_entry,
          pf_hell_entry_great_geh, grunt_decor_arrowhead, xom_confusion_cloud,
          uniq_asterion
Abyss:4:  base: Zot:1, hangedman_abyss_stitches_cave, patterned_corridor

Skill      XL: |  1  2  3  4  5  6  7  8  9 10 11 12 13 14 15 16 17 |
---------------+----------------------------------------------------+-----
Dodging        | 2 3 4 |  4.0
Fighting       | 4 7 8 9 10 11 | 11.6
Maces & Flails | 3 |  3.0
Spellcasting   | 3 4 5 6 7 8 9 10 11 12 13 14 | 14.7
Ranged Weapons | 2 4 |  4.0
Conjurations   | 2 3 5 6 7 9 11 13 | 13.9
Armour         | 3 5 |  5.0
Evocations     | 2 3 |  3.0
Stealth        | 7 8 9 |  9.5
Poison Magic   | 4 |  4.0
Fire Magic     | 2 4 5 |  5.7
Translocations | 2 3 5 7 8 10 11 | 11.3
Necromancy     | 1 2 3 5 6 |  6.4
Ice Magic      | 1 3 6 |  6.7
Earth Magic    | 1 2 |  2.0
Air Magic      | 3 4 |  4.0
Transmutations | 1 |  1.8
Shields        | 2 4 |  4.0

Action                     |  1- 3 |  4- 6 |  7- 9 | 10-12 | 13-15 | 16-18 || total
---------------------------+-------+-------+-------+-------+-------+-------++-------
  Melee: Dagger            |     7 |   128 |   181 |   206 |    44 |    23 ||   589
         Punch             |       |     1 |     6 |     9 |       |       ||    16
         Quarterstaff      |       |       |    58 |   308 |     3 |     3 ||   372
         Hand axe          |       |       |     3 |       |       |       ||     3
         Flail             |       |       |       |    26 |     3 |     7 ||    36
         Scimitar          |       |       |       |       |       |     3 ||     3
   Fire: Sling             |       |       |    97 |   254 |   278 |   132 ||   761
         Shortbow          |       |       |    26 |    67 |       |       ||    93
         Arbalest          |       |       |       |       |       |    10 ||    10
  Throw: Dart              |       |       |    12 |    26 |     3 |       ||    41
         Throwing net      |       |       |       |     4 |       |       ||     4
   Cast: Stone Arrow       |       |       |       |     4 |       |       ||     4
         Ignite Poison     |       |       |       |    40 |    18 |    10 ||    68
         Mephitic Cloud    |       |       |       |    25 |    20 |    13 ||    58
         Fireball          |       |       |       |     9 |    78 |    30 ||   117
         Iskenderun's Myst |       |       |       |     3 |    20 |    34 ||    57
         Passage of Golubr |       |       |       |     3 |     4 |    21 ||    28
         Freezing Cloud    |       |       |       |     2 |   179 |    75 ||   256
         Sublimation of Bl |       |       |       |       |    33 |    42 ||    75
         Olgreb's Toxic Ra |       |       |       |       |     7 |     5 ||    12
         Orb of Destructio |       |       |       |       |    36 |    92 ||   128
 Invoke: Depart the Abyss  |       |       |       |       |       |     1 ||     1
Ability: Shaft Self        |       |       |     1 |     9 |       |       ||    10
         Dig               |       |       |     3 |     9 |     3 |     5 ||    20
  Evoke: Wand              |       |       |     2 |    16 |     3 |     3 ||    24
    Use: Scroll            |       |       |    11 |    10 |     5 |     6 ||    32
         Potion            |       |       |     2 |     7 |     1 |     5 ||    15
   Stab: Sleeping          |     1 |    22 |     4 |       |       |     2 ||    29
         Distracted        |       |     1 |     5 |     6 |       |       ||    12
         Held in net/web   |       |       |       |     1 |       |       ||     1
         Paralysed         |       |       |       |    10 |       |       ||    10
         Confused          |       |       |       |     4 |     6 |       ||    10
 Armour: Leather armour    |     1 |    21 |    65 |   236 |    33 |    16 ||   372
         Skin              |       |       |       |    16 |       |       ||    16
  Dodge: Dodged            |     6 |    61 |   196 |   535 |    42 |    34 ||   874
  Block: Buckler           |       |       |       |     9 |    51 |    51 ||   111
         Reflection        |       |       |       |     1 |     3 |    15 ||    19

Table legend: (Time is in decaauts)
 A = Elapsed time spent in this place.
 B = Non-inter-level travel time spent in this place.
 C = Inter-level travel time spent in this place.
 D = Time resting spent in this place.
 E = Time spent auto-exploring this place.
 F = Levels seen in this place.
 G = Mean time per level.
                   A        B        C        D        E       F      G
               +--------+--------+--------+--------+--------+-----+--------+
         Total |  41477 |  38323 |   3154 |  13675 |  12120 |  32 | 1296.2 |
       Dungeon |  23198 |  21289 |   1909 |   6347 |   7273 |  15 | 1546.5 |
        Temple |     63 |     49 |     14 |      0 |     17 |   1 |   63.0 |
          Lair |   9208 |   8480 |    728 |   2754 |   3640 |   5 | 1841.6 |
        Shoals |    421 |    421 |      0 |    180 |      0 |   2 |  210.5 |
   Spider Nest |      1 |      1 |      0 |      0 |      0 |   1 |    1.0 |
    Slime Pits |     18 |     18 |      0 |      0 |      0 |   1 |   18.0 |
  Orcish Mines |   6765 |   6354 |    411 |   3995 |    970 |   2 | 3382.5 |
   Elven Halls |   1456 |   1366 |     90 |    357 |    219 |   2 |  728.0 |
        Depths |     40 |     40 |      0 |     33 |      0 |   1 |   40.0 |
         Abyss |    303 |    303 |      0 |      8 |      0 |   2 |  151.5 |
               +--------+--------+--------+--------+--------+-----+--------+

Top non-repeatable levels by time:
   Orc:2: 4788 daAuts
  Lair:5: 2791 daAuts
     D:9: 2466 daAuts
    D:13: 2441 daAuts
    D:10: 2032 daAuts
  Lair:3: 2028 daAuts
   Orc:1: 1976 daAuts
     D:7: 1932 daAuts
     D:6: 1829 daAuts
    D:11: 1790 daAuts
  Lair:1: 1777 daAuts
    D:14: 1698 daAuts
    D:12: 1576 daAuts
     D:5: 1418 daAuts
   Elf:1: 1415 daAuts
